 Dungeon Crawl Stone Soup version 0.30.1-11-g7821555f0a (webtiles) character file.

Game seed: 13574963088716639168

419 ChrisAssaf the Charlatan (level 6, -2/47 HPs)
             Began as a Gnoll Artificer on Nov 12, 2023.
             Slain by a sleepcap (16 damage)
             ... on level 5 of the Dungeon.
             The game lasted 00:09:52 (1938 turns).

ChrisAssaf the Charlatan (Gnoll Artificer)          Turns: 1938, Time: 00:09:52

Health: -2/47      AC:  3    Str: 17    XL:     6   Next: 93%
Magic:  9/9        EV:  2    Int: 13    God:
Gold:   110        SH:  0    Dex: 12    Spells: 8/9 levels left

rFire   . . .        g - +2 dagger (vamp)
rCold   . . .        (no shield)
rNeg    . . .        b - +0 leather armour
rPois   .            (no helmet)
rElec   .            (no cloak)
rCorr   .            (no gloves)
SInv    .            (no boots)
Will    .....        (no amulet)
Stlth   ++           q - +6 ring of strength
HPRegen 0.27/turn    (no ring)
MPRegen 0.11/turn

%: no passive effects
@: sleeping
A: fangs 1, strong nose, distributed training
a: no special abilities


You were on level 5 of the Dungeon.
You visited 1 branch of the dungeon, and saw 5 of its levels.

You collected 110 gold pieces.

Inventory:

Hand Weapons
 g - a +2 vampiric dagger (weapon)
Missiles
 f - 3 silver javelins
 p - 2 boomerangs (quivered)
Armour
 b - a +0 leather armour (worn)
Jewellery
 q - a +6 ring of strength (left hand)
Wands
 d - a wand of charming (11)
 e - a wand of iceblast (1)
Scrolls
 a - a scroll of teleportation {unknown}
 h - a scroll of magic mapping {unknown}
 r - a scroll of noise {unknown}
 s - 2 scrolls of vulnerability
Potions
 i - a potion of flight {unknown}
 j - a potion of magic {unknown}
 k - a potion of curing
 l - 2 potions of heal wounds {unknown}
 m - a potion of ambrosia {unknown}
 n - 2 potions of degeneration {unknown}
 o - a potion of might {unknown}
 t - a potion of resistance {unknown}


   Skills:
 + Level 3.4 Fighting
 + Level 2.2 Short Blades
 + Level 2.2 Long Blades
 + Level 2.2 Axes
 + Level 2.2 Maces & Flails
 + Level 2.2 Polearms
 + Level 2.2 Staves
 + Level 2.2 Ranged Weapons
 + Level 2.2 Throwing
 + Level 5.1 Armour
 + Level 3.4 Dodging
 + Level 3.3 Stealth
 + Level 2.2 Shields
 + Level 2.2 Unarmed Combat
 + Level 2.2 Spellcasting
 + Level 1.8 Conjurations
 + Level 1.8 Hexes
 + Level 1.8 Summonings
 + Level 1.8 Necromancy
 + Level 1.8 Translocations
 + Level 1.8 Transmutations
 + Level 1.8 Fire Magic
 + Level 1.8 Ice Magic
 + Level 1.8 Air Magic
 + Level 1.8 Earth Magic
 + Level 1.8 Poison Magic
 + Level 2.5 Invocations
 + Level 6.9 Evocations


You had 8 spell levels left.
You knew the following spells:

 Your Spells              Type           Power      Damage    Failure   Level
a - Foxfire               Conj/Fire      24%        2x1d5     14%         1

Your spell library contained the following spells:

 Spells                   Type           Power      Damage    Failure   Level
 Ensorcelled Hibernation  Hex/Ice        12%        N/A       22%         2
 Passwall                 Tmut/Erth      5%         N/A       22%         2
 Swiftness                Air            6%         N/A       38%         3
 Fireball                 Conj/Fire      3%         3d4       98%         5
 Plasma Beam              Fire/Air       3%         2x1d14    100%        6
 Starburst                Conj/Fire      3%         6d3       100%        6


Dungeon Overview and Level Annotations

Branches:
Dungeon (5/15)
 Temple: D:4-7

Altars:
Elyvilon
Uskayaw

Shops:
D:2 *


Innate Abilities, Weirdness & Mutations

You have very sharp teeth.
Your uncanny sense of smell can sniff out nearby items.
Your experience applies equally to all skills.


Message History

You bite the sleepcap, but do no damage.
The sleepcap is severely damaged.
The sleepcap releases spores at you.
You are engulfed in a cloud of soporific spores!
You fall asleep.
The sleepcap releases spores at you!
You wake up.
You hit the sleepcap.
The sleepcap is severely damaged.
The sleepcap releases spores at you but does no damage.
You hit the sleepcap but do no damage.
The sleepcap is severely damaged.
You hit the sleepcap but do no damage.
The sleepcap is severely damaged.
The sleepcap releases spores at you!
You completely miss the sleepcap.
The sleepcap is severely damaged.
The sleepcap releases spores at you.
You hit the sleepcap but do no damage.
The sleepcap is severely damaged.
The sleepcap releases spores at you!
* * * LOW HITPOINT WARNING * * *
Unknown command.
It was a potion of curing.
You feel better. The sleepcap barely misses you.
You hit the sleepcap.
The sleepcap is almost destroyed.
The sleepcap closely misses you.
You hit the sleepcap but do no damage.
The sleepcap is almost destroyed.
The sleepcap barely misses you.
You completely miss the sleepcap.
The sleepcap is almost destroyed.
The sleepcap releases spores at you but does no damage.
You hit the sleepcap.
The sleepcap is almost destroyed.
The sleepcap releases spores at you.
* * * LOW HITPOINT WARNING * * *
You are engulfed in a cloud of soporific spores!
You fall asleep.
The sleepcap releases spores at you!
You die...

.......##.###...######§§§.)#
##..##....# ###..o..##§§§###
#..######. #####.§§§###
...## #........§##§# ...#
#########§§.§# +.## ###.§.#
#..###.....#..
##..........o.. #.@<.#
........ ......f...#
##....o!.. .....>....#
...........# #............
...........#..
...............
...............


You could see a sleepcap.

Vanquished Creatures
  An ogre (D:5)
  A phantom (D:4)
  A jelly (D:5)
  2 orc priests
  A hound (D:4)
  An iguana (D:2)
  3 gnolls (D:4)
  3 adders (D:2)
  A dart slug (D:4)
  9 orcs
  2 endoplasms
  A giant cockroach (D:1)
  8 goblins
  2 hobgoblins (D:4)
  A jackal (D:2)
  3 kobolds
  3 quokkas
  4 ball pythons
  A bat (D:1)
  3 frilled lizards
  2 rats
53 creatures vanquished.

Vanquished Creatures (collateral kills)
  An orc wizard (D:4)
1 creature vanquished.

Vanquished Creatures (others)
  An orc (D:4)
  3 foxfires (D:5)
4 creatures vanquished.

Grand Total: 58 creatures vanquished

Notes
Turn   | Place    | Note
-------+----------+-------------------------------------------
     0 | D:1      | ChrisAssaf the Gnoll Artificer began the quest for the Orb.
     0 | D:1      | Reached XP level 1. HP: 17/17 MP: 1/1
    19 | D:1      | Reached XP level 2. HP: 22/23 MP: 2/2
   186 | D:2      | Reached skill level 1 in Invocations
   186 | D:2      | Reached XP level 3. HP: 18/28 MP: 2/4
   208 | D:2      | Found Ejaolen's General Store.
   227 | D:2      | Reached skill level 1 in Short Blades
   227 | D:2      | Reached skill level 1 in Long Blades
   227 | D:2      | Reached skill level 1 in Axes
   227 | D:2      | Reached skill level 1 in Maces & Flails
   227 | D:2      | Reached skill level 1 in Polearms
   227 | D:2      | Reached skill level 1 in Staves
   227 | D:2      | Reached skill level 1 in Ranged Weapons
   227 | D:2      | Reached skill level 1 in Throwing
   227 | D:2      | Reached skill level 1 in Shields
   227 | D:2      | Reached skill level 1 in Unarmed Combat
   227 | D:2      | Reached skill level 1 in Spellcasting
   273 | D:2      | Reached XP level 4. HP: 22/34 MP: 5/5
   720 | D:2      | Found a hide-covered altar of Uskayaw.
   841 | D:3      | Reached skill level 1 in Conjurations
   841 | D:3      | Reached skill level 1 in Hexes
   841 | D:3      | Reached skill level 1 in Summonings
   841 | D:3      | Reached skill level 1 in Necromancy
   841 | D:3      | Reached skill level 1 in Translocations
   841 | D:3      | Reached skill level 1 in Transmutations
   841 | D:3      | Reached skill level 1 in Fire Magic
   841 | D:3      | Reached skill level 1 in Ice Magic
   841 | D:3      | Reached skill level 1 in Air Magic
   841 | D:3      | Reached skill level 1 in Earth Magic
   841 | D:3      | Reached skill level 1 in Poison Magic
   953 | D:4      | Reached XP level 5. HP: 40/40 MP: 5/7
   956 | D:4      | Noticed a phantom
   993 | D:4      | Killed a phantom
  1007 | D:4      | Reached XP level 6. HP: 37/47 MP: 8/8
  1265 | D:4      | Reached skill level 5 in Armour
  1300 | D:4      | Learned a level 1 spell: Foxfire
  1345 | D:4      | HP: 2/47 [orc priest/+0 club (3)]
  1499 | D:5      | Entered Level 5 of the Dungeon
  1576 | D:5      | Noticed an ice beast
  1798 | D:4      | Found a white marble altar of Elyvilon.
  1938 | D:5      | Slain by a sleepcap

Illustrated notes

Levels and vault maps discovered:
D:1:      reono_arrival_forest_river, layout_loops_ring, grunt_decor_resistance,
          st_stairs_2
D:2:      layout_loops_cross, serial_shops, shop, basic_altar,
          minmay_pentomino_pile
D:3:      layout_basic, amcnicky_altar_gilded
D:4:      layout_basic, elyvilon_altar_4, marbit_many_paths
D:5:      layout_rooms, makhleb_grotto_becter, minmay_gold_behind_fungi,
          kennysheep_small_circle

Skill      XL: |  1  2  3  4  5  6 |
---------------+-------------------+-----
Invocations    | 1 2 |  2.5
Short Blades   | 1 2 |  2.2
Long Blades    | 1 2 |  2.2
Axes           | 1 2 |  2.2
Maces & Flails | 1 2 |  2.2
Polearms       | 1 2 |  2.2
Staves         | 1 2 |  2.2
Ranged Weapons | 1 2 |  2.2
Throwing       | 1 2 |  2.2
Shields        | 1 2 |  2.2
Unarmed Combat | 1 2 |  2.2
Spellcasting   | 1 2 |  2.2
Conjurations   | 1 |  1.8
Hexes          | 1 |  1.8
Summonings     | 1 |  1.8
Necromancy     | 1 |  1.8
Translocations | 1 |  1.8
Transmutations | 1 |  1.8
Fire Magic     | 1 |  1.8
Ice Magic      | 1 |  1.8
Air Magic      | 1 |  1.8
Earth Magic    | 1 |  1.8
Poison Magic   | 1 |  1.8
Fighting       | 3 |  3.4
Dodging        | 3 |  3.4
Stealth        | 3 |  3.3
Armour         | 5 |  5.1
Evocations     | |  6.9

Action                     |  1- 3 |  4- 6 || total
---------------------------+-------+-------++-------
  Melee: Club              |     1 |       ||     1
         Dagger            |    48 |   131 ||   179
         Short sword       |     5 |       ||     5
         Bite              |     5 |    19 ||    24
         Punch             |     1 |     5 ||     6
  Throw: Boomerang         |       |     3 ||     3
   Cast: Foxfire           |       |     2 ||     2
  Evoke: Wand              |     8 |    31 ||    39
    Use: Scroll            |       |     7 ||     7
         Potion            |       |     1 ||     1
 Armour: Leather armour    |    13 |    18 ||    31
  Dodge: Dodged            |    39 |    85 ||   124
